 Dungeon Crawl Stone Soup version 0.28.0-43-g3370ac3207 (webtiles) character file.

Game seed: 1935502844845341234

303 smarlow the Magician (level 6, -3/46 HPs)
             Began as a Djinni Conjurer on Mar 3, 2022.
             Slain by a wight
             ... wielding a +4 halberd
              (11 damage)
             ... on level 5 of the Dungeon.
             The game lasted 00:04:06 (3366 turns).

smarlow the Magician (Djinni Conjurer)              Turns: 3366, Time: 00:04:07

Health: -3/46      AC:  2    Str:  6    XL:     6   Next: 66%
Gold:   83         EV: 12    Int: 22    God:
                   SH:  0    Dex: 11

rFire   + + .      SeeInvis .   (no weapon)
rCold   x . .      Faith    .   (no shield)
rNeg    . . .      Spirit   .   a - +0 robe
rPois   ∞          Reflect  .   (no helmet)
rElec   .          Harm     .   (no cloak)
rCorr   .          Rampage  .   (no gloves)
Will    .....                   (boots unavailable)
Stlth   ++........              (no amulet)
HPRegen 0.15/turn               (no ring)
MPRegen 0.00/turn               (no ring)

@: flying
A: sickness immunity, fire resistance 2, cold vulnerability 1, float, innate
caster, HP casting, extra vitality 1
a: no special abilities


You were on level 5 of the Dungeon.
You visited 1 branch of the dungeon, and saw 4 of its levels.

You collected 83 gold pieces.

Inventory:

Armour
 a - a +0 robe (worn)
Jewellery
 o - a +4 ring of protection
Scrolls
 b - a scroll of blinking {unknown}
 c - a scroll of holy word {unknown}
 d - a scroll of identify {unknown}
 e - a scroll of fear {unknown}
 f - a scroll of enchant weapon {unknown}
 h - 2 scrolls of magic mapping {unknown}
 i - a scroll of teleportation {unknown}
 j - a scroll of amnesia {unknown}
Potions
 g - a potion of degeneration {unknown}
 k - a potion of lignification {unknown}
 l - a potion of curing {unknown}
 m - a potion of might {unknown}
 n - a potion of experience {unknown}


   Skills:
 + Level 3.1 Fighting
 + Level 1.3 Armour
 - Level 2.2 Dodging
 - Level 1.6 Stealth
 * Level 5.0 Spellcasting


You couldn't memorise any spells.
You knew the following spells:

 Your Spells              Type           Power      Damage    Failure   Level
a - Magic Dart            Conj           100%       1d8       1%          1
b - Searing Ray           Conj           54%        2d6       1%          2
c - Dazzling Flash        Conj/Hex       54%        N/A       3%          3
d - Fulminant Prism       Conj/Hex       13%        3d9       13%         4
e - Iskenderun's Mystic   Conj/Tloc      27%        2d7       13%         4
f - Shock                 Conj/Air       100%       1d9       1%          1
g - Call Imp              Summ           27%        N/A       1%          2
Your spell library was empty.

Dungeon Overview and Level Annotations

Branches:
Dungeon (3/15)

Altars:
Zin

Shops:
D:1 (   D:2 [


Innate Abilities, Weirdness & Mutations

You are immune to sickness and miasma.
You are immune to poison.
Your flesh is very heat resistant. (rF++)
You are vulnerable to cold. (rC-)
You float through the air rather than walking.
You learn spells naturally, not from books.
Your magical power is your life essence.
You have superior vitality. (+4 MHP)


Message History

The wight is heavily damaged.
The magic dart hits the wight but does no damage.
The wight is heavily damaged.
The magic dart hits the wight.
The wight is almost destroyed.
Casting: Magic Dart (safe; 1% risk of failure)
Confirm with . or Enter, or press ? or * to list all spells.
Aiming: Searing Ray (safe; 1% risk of failure)
Press: ? - help, Shift-Dir - straight line, f/p - wight
Aim: a wight, wielding a +4 dagger and wearing a +0 robe (almost destroyed, 79% to hit)
The searing ray hits the wight!
You destroy the wight! (Press . to maintain the ray.)
Your Spellcasting skill increases to level 5!
The searing ray hits the wight.
The wight is moderately damaged.
The searing ray hits the wight.
The wight is moderately damaged.
The searing ray hits the wight.
The wight is heavily damaged.
You finish channelling your searing ray.
The wight hits you from afar with a +4 halberd.
Casting: Searing Ray (safe; 1% risk of failure)
Confirm with . or Enter, or press ? or * to list all spells.
Aiming: Searing Ray (safe; 1% risk of failure)
Press: ? - help, Shift-Dir - straight line, f - wight
Aim: a wight, wielding a +4 halberd and wearing a +0 robe (heavily damaged, 79% to hit)
The searing ray hits the wight but does no damage.
The wight is heavily damaged. (Press . to maintain the ray.)
The wight barely misses you.
The searing ray hits the wight.
The wight is heavily damaged.
The wight hits you from afar with a +4 halberd!!
* * * LOW HITPOINT WARNING * * *
The searing ray hits the wight but does no damage.
The wight is heavily damaged.
* * * LOW HITPOINT WARNING * * *
The wight hits you from afar with a +4 halberd!
You die...

#.#.# #.# #.#.# #.#
#.####.#.# #.#
#........# #.#
######.###########<#
#....(........#
######.########
##############.#
....)z.@.......#
################


You could see a wight.

Vanquished Creatures
  2 wights (D:5)
  A hound (D:5)
  Jessica (D:2)
  4 gnolls (D:2)
  5 adders
  A shadow imp (D:5)
  5 worms (D:2)
  2 dart slugs (D:1)
  An orc (D:2)
  4 endoplasms
  3 giant cockroaches
  7 hobgoblins
  8 jackals
  2 kobolds
  3 ball pythons
  5 bats
  5 frilled lizards (D:1)
  A goblin (D:1)
  6 rats (D:2)
66 creatures vanquished.

Notes
Turn   | Place    | Note
-------+----------+-------------------------------------------
     0 | D:1      | smarlow the Djinni Conjurer began the quest for the Orb.
     0 | D:1      | Reached XP level 1. HP: 15/15 MP: 0/0
   363 | D:1      | Reached XP level 2. HP: 17/22 MP: 0/0
   773 | D:1      | Reached skill level 1 in Fighting
   865 | D:1      | Reached XP level 3. HP: 26/27 MP: 0/0
   865 | D:1      | Learned a level 1 spell: Shock
  1374 | D:1      | Found Voximaoz's Weapon Boutique.
  1875 | D:2      | Reached XP level 4. HP: 30/32 MP: 0/0
  1905 | D:2      | Reached skill level 4 in Spellcasting
  2171 | D:2      | Reached XP level 5. HP: 17/38 MP: 0/0
  2171 | D:2      | Learned a level 2 spell: Call Imp
  2518 | D:2      | Noticed Jessica
  2521 | D:2      | Killed Jessica
  2580 | D:2      | Found Rint's Armour Shop.
  2955 | D:3      | You are sucked into a shaft and drop 2 floors!
  2955 | D:5      | Entered Level 5 of the Dungeon
  2998 | D:5      | Found a glowing silver altar of Zin.
  3008 | D:5      | Reached XP level 6. HP: 35/45 MP: 0/0
  3138 | D:5      | Noticed a water moccasin
  3353 | D:5      | Reached skill level 1 in Armour
  3361 | D:5      | Reached skill level 5 in Spellcasting
  3366 | D:5      | Slain by a wight

Illustrated notes

Levels and vault maps discovered:
D:1:      evilmike_arrival_plus, layout_basic, serial_shops,
          nicolae_shop_waterfront, minmay_lizard_pond
D:2:      layout_loops_ring, serial_shops, nicolae_shop_behind_doors,
          uniq_jessica
D:3:      layout_loops_corners, nicolae_sif_muna_little_library,
          nicolae_overflow_ecumenical_swirl, serial_undead, serial_undead_c,
          serial_undead_f, serial_undead_b, serial_undead_d, minmay_unequal
D:5:      layout_loops_ring, grunt_qazlal_clouds, zin_statuary, serial_shops,
          nicolae_stop_n_shop_1

Skill      XL: |  1  2  3  4  5  6 |
---------------+-------------------+-----
Fighting       | 1 2 3 |  3.1
Spellcasting   | 4 5 |  5.0
Armour         | 1 |  1.3
Dodging        | |  2.2
Stealth        | |  1.6

Action                   |  1- 3 |  4- 6 || total
-------------------------+-------+-------++-------
 Cast: Magic Dart        |    74 |    76 ||   150
       Searing Ray       |     3 |     7 ||    10
       Shock             |     3 |       ||     3
Armor: Robe              |     3 |     2 ||     5
Dodge: Dodged            |    18 |     8 ||    26
